 Dungeon Crawl Stone Soup version 0.18.1-6-gd335043 (webtiles) character file.

2874 Moloch the Cleaver (level 10, 0/70 HPs)
             Began as a Formicid Fighter on May 16, 2016.
             Was a Priest of Okawaru.
             Slain by a wolf (6 damage)
             ... led by Grum
             ... on level 8 of the Dungeon.
             The game lasted 00:11:46 (6213 turns).

Moloch the Cleaver (Formicid Fighter)               Turns: 6213, Time: 00:11:46

Health: 0/70       AC: 18    Str: 23    XL:     10   Next: 5%
Magic:  7/10       EV:  8    Int:  9    God:    Okawaru [***...]
Gold:   365        SH:  7    Dex: 10    Spells: 0 memorised, 9 levels left

rFire  . . .     SeeInvis +     a - +0 war axe
rCold  . . .     Gourm    .     e - +0 plate armour
rNeg   . . .     Faith    +     N - +2 buckler
rPois  +         Spirit   .     (helmet unavailable)
rElec  .         Dismiss  .     s - +2 cloak
rCorr  .         Reflect  .     (no gloves)
SustAt .         Harm     .     C - +0 pair of boots
MR     +....                    G - amulet of faith
Stlth  ..........               c - ring of poison resistance
                                v - ring of loudness (curse)

@: heroism, somewhat resistant to hostile enchantments, extremely unstealthy
A: permanent stasis, dig shafts and tunnels, four strong arms, antennae 3
a: Dig, Shaft Self, Heroism, Renounce Religion


You were on level 8 of the Dungeon.
You worshipped Okawaru.
Okawaru was most pleased with you.
You were not hungry.

You visited 2 branches of the dungeon, and saw 9 of its levels.

You collected 365 gold pieces.

Inventory:

Hand Weapons
 a - a +0 war axe (weapon)
 J - a +0 battleaxe
Armour
 e - a +0 plate armour (worn)
 s - a +2 cloak (worn)
 C - a +0 pair of boots (worn)
 N - a +2 buckler (worn)
Jewellery
 c - a ring of poison resistance (right hand)
 v - a cursed ring of loudness (left hand)
 G - an amulet of faith (around neck)
Wands
 r - a wand of acid (12/15)
 u - a wand of confusion (34/48)
 E - a wand of confusion (25/48)
Scrolls
 b - a scroll of enchant weapon {unknown}
 i - 3 scrolls of blinking {unknown}
 j - 11 scrolls of identify {unknown}
 k - 6 scrolls of remove curse {unknown}
 m - 2 scrolls of immolation {unknown}
 n - a scroll of amnesia {unknown}
 p - 4 scrolls of teleportation {unknown}
 x - 5 scrolls of fear {unknown}
 y - a scroll of enchant armour {unknown}
 z - 5 scrolls of magic mapping {unknown}
 D - 2 scrolls of fog {unknown}
 K - 2 scrolls of random uselessness {unknown}
Potions
 d - 2 potions of might
 g - 4 potions of curing
 h - a potion of flight {unknown}
 l - a potion of haste {unknown}
 w - 2 potions of mutation {unknown}
 B - 2 potions of cure mutation {unknown}
 F - a potion of berserk rage {unknown}
 H - a potion of agility {unknown}
 M - a potion of degeneration {unknown}
Comestibles
 f - 5 bread rations
 o - 2 beef jerkies
 q - a royal jelly
 t - 8 fruits
 A - 2 meat rations
 I - 7 chunks of flesh
 L - a slice of pizza


   Skills:
 - Level 3.2(8.2) Fighting
 + Level 12.9(17.9) Axes
 - Level 3.2(8.2) Armour
 - Level 3.6(8.6) Shields


You had 9 spell levels left.
You didn't know any spells.

Dungeon Overview and Level Annotations

Branches:
Dungeon (8/15)             Temple (1/1) D:4
   Lair: D:8-11

Altars:
Ashenzari
Cheibriados
Dithmenos
Elyvilon
Fedhas
Gozag
Kikubaaqudgha
Makhleb
Nemelex Xobeh
Okawaru
Pakellas
Qazlal
Ru
Sif Muna
Trog
Vehumet
Xom
Yredelemnul
Zin

Shops:
D:4 }

Annotations:
D:8 Erolcha


Innate Abilities, Weirdness & Mutations

You are under a permanent stasis effect.
You can dig through walls and to a lower floor.
Your four strong arms can wield two-handed weapons with a shield.
You have a pair of large antennae on your head (SInv).


Message History

The hound is moderately wounded.
The wolf bites you but does no damage. The hound bites you but does no damage.
Unknown command.
You hit Erolcha.
Erolcha is severely wounded.
You miss the hound.
The hound is moderately wounded.
You closely miss the wolf.
The wolf is heavily wounded.
The wolf barely misses you.
Erolcha drinks a potion.
Erolcha is healed!
The hound barely misses you.
You hit Erolcha but do no damage.
Erolcha is heavily wounded.
Your plate armour prevents you from hitting the wolf.
The wolf is heavily wounded.
You slash the hound!
You kill the hound!
Okawaru accepts your kill. The wolf bites you.
You die...

. #. #.########
#........# ##
##..#...#.############.
#....)†h.(.............
....#O@.#.############.
. #.†.#.# #....#.
#...#.# #....#.
.....#.# #....#.
#####.#.# ###....#.
..... ......... #.###
###....#. .# #....#+
#......


You could see Erolcha (invisible) and a wolf.

Vanquished Creatures
  Pikel (D:4)
  Sigmund (D:4)
  Grum (D:8)
  2 water moccasins (D:7)
  2 orc warriors
  A slave (D:4)
  An ice beast (D:8)
  A sky beast (D:6)
  A centaur (D:4)
  2 wolves (D:8)
  6 giant frogs
  A water moccasin zombie (D:4)
  A wyvern skeleton (D:6)
  2 scorpions (D:8)
  A howler monkey (D:4)
  A crimson imp (D:6)
  A jelly (D:7)
  3 orc priests
  3 hounds (D:8)
  2 giant frog skeletons
  An iguana (D:8)
  An orc wizard (D:7)
  2 worker ants
  2 hound zombies (D:4)
  A hound skeleton (D:7)
  7 gnolls
  9 adders
  A shadow imp (D:5)
  An adder zombie (D:5)
  2 adder skeletons
  3 worms (D:3)
  A dart slug (D:1)
  3 giant geckos
  10 orcs
  3 giant cockroaches
  4 goblins
  8 hobgoblins
  4 jackals
  A quokka (D:2)
  A ball python (D:4)
  A ball python zombie (D:4)
  9 bats
  A giant cockroach zombie (D:4)
  A giant gecko skeleton (D:4)
  2 giant gecko zombies (D:4)
  6 giant newts
  A jackal zombie (D:4)
  5 kobolds
  A quokka zombie (D:5)
  5 rats
131 creatures vanquished.

Vanquished Creatures (others)
  A lightning spire (D:4)
  3 bushes (D:4)
4 creatures vanquished.

Grand Total: 135 creatures vanquished

Notes
Turn   | Place    | Note
--------------------------------------------------------------
     0 | D:1      | Moloch the Formicid Fighter began the quest for the Orb.
     0 | D:1      | Reached XP level 1. HP: 18/18 MP: 1/1
   149 | D:1      | Reached XP level 2. HP: 22/24 MP: 2/2
   393 | D:1      | Reached skill level 3 in Axes
   785 | D:1      | Reached XP level 3. HP: 28/29 MP: 3/3
  1198 | D:2      | Reached skill level 4 in Axes
  1198 | D:2      | Reached XP level 4. HP: 35/35 MP: 4/4
  1701 | D:2      | Found a stormy altar of Qazlal.
  1948 | D:3      | Found a sparkling altar of Nemelex Xobeh.
  1948 | D:3      | Found a bloodstained altar of Trog.
  1963 | D:3      | Reached XP level 5. HP: 39/41 MP: 5/5
  2044 | D:3      | Reached skill level 5 in Axes
  2564 | D:4      | Noticed Sigmund
  2566 | D:4      | Found a blossoming altar of Fedhas.
  2567 | D:4      | Noticed a centaur
  2595 | D:4      | Killed Sigmund
  2595 | D:4      | Reached skill level 6 in Axes
  2595 | D:4      | Reached XP level 6. HP: 32/47 MP: 6/6
  2721 | D:4      | Reached skill level 7 in Axes
  2721 | D:4      | Reached XP level 7. HP: 44/52 MP: 7/7
  2769 | D:4      | Found a staircase to the Ecumenical Temple.
  2827 | D:5      | Entered Level 5 of the Dungeon
  2872 | Temple   | Entered the Ecumenical Temple
  2882 | Temple   | Became a worshipper of Warmaster Okawaru
  3099 | D:4      | Found Voumoi's Gadget Boutique.
  3248 | D:4      | Found an oddly glowing altar of Pakellas.
  3249 | D:4      | Noticed a cyan very ugly thing
  3362 | D:4      | Reached skill level 8 in Axes
  3745 | D:5      | Found a shattered altar of Ashenzari.
  3817 | D:5      | Noticed Pikel
  3860 | D:4      | Killed Pikel
  3860 | D:4      | Reached * piety under Okawaru
  3860 | D:4      | Reached skill level 9 in Axes
  3860 | D:4      | Reached XP level 8. HP: 36/58 MP: 8/8
  4180 | D:6      | Reached skill level 10 in Axes
  4186 | D:6      | Reached ** piety under Okawaru
  4679 | D:6      | Reached XP level 9. HP: 26/64 MP: 9/9
  5096 | D:7      | Reached skill level 11 in Axes
  5230 | D:7      | Found an ancient bone altar of Kikubaaqudgha.
  5612 | D:7      | Found a snail-covered altar of Cheibriados.
  5798 | D:8      | Reached *** piety under Okawaru
  5798 | D:8      | Reached skill level 12 in Axes
  6187 | D:8      | Noticed Grum
  6198 | D:8      | Noticed Erolcha
  6209 | D:8      | Killed Grum
  6209 | D:8      | Reached XP level 10. HP: 31/70 MP: 6/10
  6213 | D:8      | Slain by a wolf

Skill      XL: |  1  2  3  4  5  6  7  8  9 |
---------------+----------------------------+-----
Axes           | 3 4 6 7 9 10 12 | 12.9
Fighting       | |  3.2
Armour         | |  3.2
Shields        | |  3.6

Action                   |  1- 3 |  4- 6 |  7- 9 | 10-12 || total
-------------------------+-------+-------+-------+-------++-------
Melee: War axe           |   104 |   140 |   328 |     4 ||   576
Invok: Heroism           |       |       |     4 |       ||     4
  Use: Potion            |       |     1 |       |       ||     1
  Eat: Chunk             |       |     6 |    12 |       ||    18
Armor: Scale mail        |     9 |       |       |       ||     9
       Plate armour      |    67 |    74 |   179 |     3 ||   323
Dodge: Dodged            |    32 |    20 |    67 |     2 ||   121
Block: Shield            |    68 |    74 |   122 |       ||   264
       Buckler           |       |       |    35 |     1 ||    36
